 Dungeon Crawl Stone Soup version 0.22-a0-362-g535178c (webtiles) character file.

1079387 inmateoo the Timeless (level 27, -1/212 HPs)
             Began as a Gnoll Transmuter on Apr 21, 2018.
             Was a High Priest of Cheibriados.
             Killed from afar by a hellion (27 damage)
             ... with damnation
             ... in Pandemonium on Apr 22, 2018.
             The game lasted 04:01:51 (67106 turns).

inmateoo the Timeless (Gnoll Transmuter)           Turns: 67106, Time: 04:01:53

Health: -1/212     AC: 23    Str: 27    XL:     27
Magic:  39/48      EV: 34    Int: 43    God:    Cheibriados [*****.]
Gold:   6805       SH: 22    Dex: 28    Spells: 7/69 levels left

rFire    + + +     SeeInvis +     - Unarmed
rCold    + + +     Gourm    .   Y - +3 shield {AC+3}
rNeg     . . .     Faith    .   R - +0 troll leather armour
rPois    .         Spirit   .   m - +2 hat {SInv}
rElec    .         Reflect  .   M - scarf {rC+ rF+}
rCorr    +         Harm     .   D - +2 pair of gloves {Str+3}
MR       +++..     Clarity  +   I - +2 pair of boots {Fly}
Stlth    ++++++++..             q - amulet "Beefih" {rC+ Regen+ Int+3}
HPRegen  1.65/turn              B - ring of Kaishepp {rCorr rF+ rC+ Str-2 Slay+3}
MPRegen  0.31/turn              Q - ring of Suspected Treachery {MR+ SInv}

@: flying, deflect missiles, very slow
A: distributed training, fangs 1, talons 1, molten scales 1, rugged brown scales
1, blink, clarity, clumsy 1, fire resistance 1, frail 1, mutation resistance 1,
regeneration 1, strong nose
}: 11/15 runes: decaying, serpentine, silver, iron, obsidian, icy, bone,
abyssal, glowing, fiery, dark
a: Blink, Bend Time, Temporal Distortion, Slouch, Step From Time, Renounce
Religion, Stop Flying


You were in Pandemonium.
You worshipped Cheibriados.
Cheibriados was extremely pleased with you.
You were completely stuffed.

You visited 16 branches of the dungeon, and saw 78 of its levels.
You visited Pandemonium 1 time, and saw 12 of its levels.
You visited the Abyss 2 times.
You also visited: Sewer, Ice Cave and Wizlab.

You collected 11350 gold pieces.
You spent 4545 gold pieces at shops.

Inventory:

Hand Weapons
 l - the +4 staff of Dispater
   (You took it off Dispater on level 7 of the Iron City of Dis)
 w - the +7 sceptre of Asmodeus
   (You took it off Asmodeus on level 7 of Gehenna)
 W - a +9 longbow of freezing
Missiles
 a - 1249 arrows
Armour
 m - a +2 hat of see invisible (worn)
 D - a +2 pair of gloves of strength (worn)
 I - a +2 pair of boots of flying (worn)
 M - a scarf of resistance (worn)
 R - a +0 troll leather armour (worn)
 Y - a +3 shield of protection (worn)
Magical Staves
 J - an uncursed staff of earth
Jewellery
 p - the ring "Yniew" {rN+ Int+5}
   (You found it on level 3 of the Depths)

   [ring of intelligence]

   It affects your intelligence (+5).
   It protects you from negative energy.
 q - the amulet "Beefih" (around neck) {rC+ Regen+ Int+3}
   (You took it off a deep elf mage on level 2 of the Elven Halls)

   [amulet of regeneration]

   It affects your intelligence (+3).
   It protects you from cold.
   It increases your rate of regeneration.
 x - the ring "Divuror" {rN++ SInv}
   (You took it off an efreet in Pandemonium)

   [ring of see invisible]

   It greatly protects you from negative energy.
   It lets you see invisible.
 y - an uncursed ring of protection from cold
 B - the ring of Kaishepp (left hand) {rCorr rF+ rC+ Str-2 Slay+3}
   (You found it in Pandemonium)

   [ring of resist corrosion]

   It affects your strength (-2).
   It affects your accuracy and damage with ranged weapons and melee attacks
   (+3).
   It protects you from fire.
   It protects you from cold.
 Q - the ring of Suspected Treachery (right hand) {MR+ SInv}
   (You found it on level 7 of the Iron City of Dis)

   [ring of see invisible]

   It affects your resistance to hostile enchantments.
   It lets you see invisible.
Wands
 k - a wand of paralysis (47)
 z - a wand of scattershot (16)
 H - a wand of digging (48)
 O - a wand of iceblast (72)
 S - a wand of acid (13)
 T - a wand of disintegration (52)
Scrolls
 b - 25 scrolls of remove curse
 c - 25 scrolls of teleportation
 e - a scroll of immolation
 h - 10 scrolls of amnesia
 i - 13 scrolls of fog
 j - 6 scrolls of blinking
 G - 6 scrolls of identify
 K - a scroll of summoning
 N - 3 scrolls of fear
 Z - 4 scrolls of magic mapping
Potions
 f - 4 potions of invisibility
 g - 21 potions of curing
 o - 15 potions of heal wounds
 r - 3 potions of mutation
 s - 10 potions of brilliance
 t - 3 potions of ambrosia
 u - 8 potions of agility
 v - a potion of cancellation
 E - 2 potions of resistance
 F - 7 potions of might
 V - 2 potions of magic
Miscellaneous
 n - 3 sacks of spiders
 A - a crystal ball of energy
 C - the horn of Geryon
 L - a fan of gales
 P - 5 boxes of beasts
 U - a lamp of fire
Comestibles
 d - 38 rations


   Skills:
 + Level 21.6 Fighting
 + Level 21.5 Short Blades
 + Level 21.5 Long Blades
 + Level 21.5 Axes
 + Level 21.5 Maces & Flails
 + Level 21.5 Polearms
 + Level 21.5 Staves
 + Level 21.5 Slings
 + Level 21.5 Bows
 + Level 21.5 Crossbows
 + Level 21.5 Throwing
 + Level 21.5 Armour
 + Level 21.8 Dodging
 + Level 21.5 Stealth
 + Level 21.5 Shields
 + Level 22.1 Unarmed Combat
 + Level 21.8 Spellcasting
 + Level 18.6 Conjurations
 + Level 18.6 Hexes
 + Level 18.6 Charms
 + Level 18.6 Summonings
 + Level 18.6 Necromancy
 + Level 18.6 Translocations
 + Level 18.9 Transmutations
 + Level 18.6 Fire Magic
 + Level 18.6 Ice Magic
 + Level 18.6 Air Magic
 + Level 18.6 Earth Magic
 + Level 18.6 Poison Magic
 + Level 23.0 Invocations
 + Level 21.5 Evocations


You had 7 spell levels left.
You knew the following spells:

 Your Spells              Type           Power        Failure   Level  Hunger
a - Statue Form           Tmut/Erth      ########.    1%          6    None
b - Regeneration          Chrm/Necr      ########..   0%          3    None
c - Passwall              Tmut/Erth      ########..   0%          2    None
d - Controlled Blink      Tloc           N/A          1%          8    None
e - Summon Forest         Summ/Tloc      ########..   0%          5    None
f - Deflect Missiles      Chrm/Air       ########..   1%          6    None
g - Apportation           Tloc           ######       0%          1    None
h - Bolt of Fire          Conj/Fire      ########..   1%          6    None
i - Shatter               Erth           ########..   22%         9    ##.....
j - Borgnjor's Vile Clut  Necr/Erth      ########..   0%          5    None
k - Sticks to Snakes      Tmut           ########     0%          2    None
l - Tornado               Air            ########..   22%         9    ##.....


Dungeon Overview and Level Annotations

Branches:
Dungeon (15/15)            Temple (1/1) D:6            Lair (6/6) D:11
  Swamp (4/4) Lair:4        Snake (4/4) Lair:4        Slime (0/5) Lair:5
    Orc (2/2) D:10            Elf (3/3) Orc:2        Vaults (5/5) D:14
  Crypt (3/3) Vaults:2       Tomb (1/3) Crypt:3      Depths (5/5) D:15
   Hell (1/1)                 Dis (7/7) Hell            Geh (7/7) Hell
    Coc (7/7) Hell            Tar (7/7) Hell            Zot (0/5) Depths:5

Altars:
Ashenzari
Cheibriados
Dithmenos
Elyvilon
Fedhas
Gozag
Hepliaklqana
Kikubaaqudgha
Makhleb
Nemelex Xobeh
Okawaru
Qazlal
Ru
Sif Muna
Trog
Uskayaw
Vehumet
Wu Jian
Xom
Yredelemnul
Zin
The Shining One
Beogh

Shops:
D:6 (   D:7 %   D:11 !   Orc:1 }   Orc:2 =[(*%   Elf:1 *=   Elf:2 }
Snake:1 }=}   Snake:2 }   Vaults:5 =??}%:

Portals:
Hell: Depths:1 Depths:2 Depths:3 Depths:4 Depths:5
Abyss: Depths:4
Pandemonium: Depths:3
Ziggurat: Depths:4

Annotations:
D:6 exclusion: statue
Elf:2 5 runed doors
Depths:3 1 exclusion


Innate Abilities, Weirdness & Mutations

Your experience applies equally to all skills.
You have very sharp teeth.
Your uncanny sense of smell can sniff out nearby items.
You have sharp toenails.
You are partially covered in molten scales. (AC +2)
You are partially covered in rugged brown scales. (AC +1, +3% HP)
You can translocate small distances at will.
You possess an exceptional clarity of mind.
You are clumsy. (Dex -2)
Your flesh is heat resistant. (rF+)
You are frail. (-10% HP)
You are somewhat resistant to further mutation.
Your natural rate of healing is unusually fast.


Message History

The hellion gestures at you.
The sphere of damnation explodes!
The damnation engulfs you! The hellion gestures at you.
The sphere of damnation explodes!
The damnation engulfs you!
A hellion comes into view.
Unknown command.
Unknown command.
Unknown command.
Unknown command.
The hellion gestures at you.
The sphere of damnation explodes!
The damnation engulfs you! The hellion gestures at you.
The sphere of damnation explodes!
The damnation engulfs you!
* * * LOW HITPOINT WARNING * * *
The hellion gestures at you.
The sphere of damnation explodes!
The damnation engulfs you!
* * * LOW HITPOINT WARNING * * *
The hellion gestures at you.
The sphere of damnation explodes!
The damnation engulfs you!
You die...

... .§§§§§≈ ≈§≈≈ #..#
§§§§≈§§ ≈≈§≈ #..# §§§§§22
≈§§§ #..# ≈§§§§22 2≈§≈
#..# ≈≈≈≈§2. 2≈§≈
######..###≈≈≈≈≈§& &≈§≈
..?.........≈§§§≈2 ≈§§≈
.........@..≈≈§≈§≈ ≈§≈≈
#####..####.≈§≈§§ §≈≈.
#..# ..§§≈ ≈§. #..# #§.§ .
######..##################
...............∩..........
..........................
####..####..#####..#####..
#.. #..# #..# #..


You could see 3 hellions.

Vanquished Creatures
  Cerebov (Pan)
  Asmodeus (Geh:7)
  Antaeus (Coc:7)
  Gloorx Vloq (Pan)
  the Serpent of Hell (Tar:7)
  Ereshkigal (Tar:7)
  Ignacio (Pan)
  Dispater (Dis:7)
  4 ancient liches
  Mara (Swamp:4)
  2 greater mummies (Tomb:1)
  Sojobo (Depths:2)
  8 shard shrikes
  5 pandemonium lords (Pan)
  Bai Suzhen (Elf:3)
  Saint Roka (Orc:2)
  Geryon (Hell)
  A golden dragon (Depths:3)
  Nikola (Snake:2)
  18 bone dragons
  14 doom hounds
  6 iron giants
  Jorgrun (Swamp:2)
  19 Brimstone Fiends
  A hellephant (Depths:1)
  24 Tzitzimimeh
  7 Hell Sentinels
  21 Ice Fiends
  4 tentacled monstrosities
  Asterion (Depths:3)
  A deep elf blademaster (Elf:3)
  4 titans
  3 quicksilver dragons
  13 liches
  6 eldritch tentacles
  22 Executioners
  12 sphinxes
  A deep elf master archer (Elf:3)
  15 ancient champions
  A tentacled starspawn (Abyss:5)
  Frances (D:12)
  Gastronok (Lair:2)
  A sphinx (shapeshifter) (Depths:5)
  13 tengu reavers
  3 revenants
  2 thorn hunters
  9 nagarajas
  Roxanne (Swamp:2)
  4 storm dragons
  Donald (Vaults:4)
  Kirke (Lair:6)
  3 warmongers (Pan)
  14 shadow dragons
  A draconian scorcher (Depths:5)
  An azure jelly (shapeshifter) (Depths:2)
  8 frost giants
  9 vault wardens
  A ghost moth (shapeshifter) (Depths:2)
  12 cacodemons
  7 deep elf sorcerers (Elf:3)
  17 fire giants
  25 balrugs
  Aizul (Swamp:1)
  11 iron dragons
  An orc warlord (Orc:1)
  A caustic shrike zombie (Hell)
  6 ghouls
  15 ironheart preservers
  A black sun (Pan)
  5 curse skulls
  2 draconian shifters (Depths:5)
  7 deep elf elementalists
  5 blood saints (Pan)
  22 very ugly things
  20 stone giants
  18 war gargoyles
  2 elemental wellsprings
  69 reapers
  9 vampire knights
  An entropy weaver (shapeshifter) (Depths:2)
  6 deep elf demonologists
  2 corrupters (Pan)
  A green draconian (Depths:5)
  2 entropy weavers
  2 yellow draconians (Depths:5)
  6 lorocyprocas
  2 purple draconians (Depths:5)
  Azrael (D:12)
  A dire elephant (D:15)
  A black draconian (Depths:5)
  A dire elephant (shapeshifter) (Depths:2)
  A spark wasp (Depths:3)
  9 deep elf annihilators
  A spark wasp (shapeshifter) (Depths:2)
  An ettin (shapeshifter) (Vaults:5)
  4 green deaths
  12 blizzard demons
  3 eidola
  A quicksilver dragon zombie (Coc:6)
  17 ettins
  9 crystal guardians (Depths:2)
  10 deep elf death magi
  6 mummy priests (Tomb:1)
  8 jiangshi
  5 great orbs of eyes
  11 fire dragons
  A kraken zombie (Coc:5)
  15 yaktaur captains
  A fire dragon (shapeshifter) (Vaults:1)
  2 deep elf high priests
  8 rakshasas
  3 hell beasts
  13 hydras
  4 spriggan air magi
  31 vault guards
  A hydra (shapeshifter) (Vaults:5)
  3 ghost crabs
  18 ice dragons
  8 naga warriors
  6 anacondas
  3 quicksilver dragon skeletons
  3 centaur warriors
  6 monstrous demonspawn (Pan)
  48 two-headed ogres
  25 dancing weapons
  5 deep troll shamans
  3 death knights
  8 death yaks
  17 ogre magi
  12 alligators
  18 naga sharpshooters
  19 death scarabs (Tomb:1)
  7 tengu warriors
  10 vampire magi
  A shock serpent (shapeshifter) (Depths:3)
  33 hell hogs
  4 titan zombies
  4 spriggan berserkers
  An orc high priest (Orc:1)
  6 deep troll earth magi
  7 shock serpents
  8 titan skeletons
  3 iron golems
  27 soul eaters
  2 thrashing horrors (Abyss:4)
  Nergalle (Lair:3)
  10 deep elf knights
  4 storm dragon zombies
  37 sun demons
  37 hell knights
  14 sixfirhies
  A fire crab (Lair:6)
  4 iron trolls
  6 spriggans
  5 salamander mystics
  176 skeletal warriors
  2 spatial maelstroms
  A death drake (shapeshifter) (Depths:2)
  8 storm dragon skeletons
  6 golden dragon zombies
  20 shadow demons
  9 anaconda zombies
  2 sea snakes (shapeshifter) (Depths:2)
  2 ghost moth zombies
  18 deep trolls
  11 flayed ghosts
  4 gelid demonspawn (Pan)
  A glowing orange brain (shapeshifter) (Depths:3)
  9 unseen horrors
  15 shadow wraiths
  2 death drakes
  3 torturous demonspawn (Pan)
  A swamp dragon (shapeshifter) (Elf:1)
  5 infernal demonspawn (Pan)
  4 shadow dragon zombies
  10 deep elf archers
  7 naga ritualists
  An orange crystal statue (Depths:1)
  2 wizards
  A spriggan druid (Swamp:4)
  8 glowing orange brains
  A lindwurm (shapeshifter) (Depths:2)
  5 harpies
  17 ironbrand convokers
  14 phantasmal warriors
  4 obsidian statues (Depths:2)
  9 anaconda skeletons
  4 golden dragon skeletons
  5 wolf spider zombies
  48 ugly things
  14 frost giant zombies
  4 mana vipers
  6 wolf spiders
  A lindwurm (Lair:6)
  12 necromancers
  19 orc knights
  5 iron dragon zombies
  51 deep elf magi
  3 oklob plants (Lair:3)
  5 orc sorcerers (Orc:2)
  6 stone giant zombies
  8 fire giant zombies
  An orb spider (shapeshifter) (Vaults:1)
  7 cyclopes
  A manticore (D:14)
  A faun (shapeshifter) (Vaults:5)
  15 salamanders
  5 frost giant skeletons
  3 guardian serpents
  7 iron dragon skeletons
  6 shadow dragon skeletons
  10 centaur zombies
  A spriggan zombie (Hell)
  4 ice statues
  A shock serpent zombie (Tar:7)
  5 fire giant skeletons
  8 stone giant skeletons
  A guardian serpent (shapeshifter) (Vaults:1)
  25 black mambas
  31 naga magi
  2 dire elephant zombies
  12 molten gargoyles
  22 smoke demons
  12 vault sentinels
  47 rust devils
  2 shock serpent skeletons
  3 catoblepas zombies
  Psyche (D:9)
  14 spiny frogs
  5 dire elephant skeletons
  31 hellions
  6 centaur skeletons
  15 orange demons (Pan)
  A rime drake (shapeshifter) (Depths:2)
  3 emperor scorpion zombies
  2 gargoyles
  5 tengu conjurers
  A minotaur zombie (Crypt:2)
  32 tormentors
  A kobold demonologist (D:12)
  20 yaktaurs
  A rime drake (Lair:2)
  29 freezing wraiths
  An anaconda simulacrum (Coc:7)
  A catoblepas skeleton (Geh:7)
  3 demonic crawlers
  7 efreet
  17 ice devils
  7 trolls
  5 hydra zombies
  20 red devils
  An ancient zyme (Abyss:5)
  A minotaur skeleton (Tar:4)
  A hellwing (Pan)
  11 komodo dragons
  A ghost moth simulacrum (Hell)
  12 guardian mummies (Tomb:1)
  3 jumping spiders (shapeshifter)
  5 harpy zombies
  A queen bee (Lair:2)
  2 silent spectres
  A wind drake (Depths:2)
  3 meliai (D:14)
  A merfolk (D:15)
  20 polar bears
  6 tyrant leeches
  6 ice dragon zombies
  4 harpy skeletons
  21 blink frogs
  A guardian serpent zombie (Crypt:2)
  11 hippogriffs
  45 slime creatures
  7 hydra skeletons
  8 hornets
  2 dream sheep (D:10)
  9 bog bodies
  5 fire dragon zombies
  11 alligator zombies
  2 alligator skeletons
  9 ettin zombies
  A fire giant simulacrum (Coc:7)
  126 flying skulls
  A tarantella (Vaults:3)
  9 air elementals
  3 ice dragon skeletons
  A black mamba zombie (Tar:6)
  6 ettin skeletons
  24 wraiths
  3 fire bats (Pan)
  A hog (shapeshifter) (Vaults:2)
  28 shadows
  57 yaks
  3 vampires (Vaults:2)
  10 wyverns
  17 water elementals
  12 ynoxinuls
  5 fire dragon skeletons
  A tarantella (shapeshifter) (Depths:2)
  A wind drake zombie (Crypt:1)
  7 hungry ghosts
  2 black mamba skeletons
  3 steam dragons
  A basilisk (Lair:6)
  6 chaos spawn
  35 fire elementals
  17 neqoxecs
  2 swamp worm simulacra (Swamp:4)
  5 hogs (Lair:6)
  20 large abominations
  Menkaure (D:5)
  2 human zombies
  10 vampire mosquitoes
  A two-headed ogre zombie (Crypt:3)
  2 wargs (Orc:2)
  A warg (shapeshifter) (Depths:2)
  3 spatial vortices
  8 insubstantial wisps
  A soldier ant (D:15)
  35 nagas
  14 swamp worms
  14 spiny frog zombies
  A water moccasin (shapeshifter) (Depths:2)
  18 hydra simulacra
  3 acid dragons (Vaults:2)
  2 floating eyes
  56 hell hounds
  4 deep troll zombies
  7 swamp drakes
  18 water moccasins
  8 porcupines
  A deep troll skeleton (Crypt:2)
  A monstrous demonspawn skeleton (Crypt:1)
  2 swamp dragon zombies
  12 ice beasts
  A black bear (Lair:3)
  25 necrophages
  53 orc warriors
  3 sky beasts
  2 elf zombies
  5 spiny frog skeletons
  10 starcursed masses
  2 manticore zombies
  9 snapping turtle zombies
  An eye of draining (Abyss:4)
  46 ogres
  4 phantoms
  27 wolves
  15 centaurs
  7 boggarts
  2 manticore skeletons
  2 swamp dragon skeletons
  11 crocodiles
  7 snapping turtle skeletons
  6 big kobolds
  14 bullfrogs
  A fire crab zombie (Crypt:3)
  3 yaktaur zombies
  A glowing shapeshifter simulacrum (Vaults:4)
  A komodo dragon zombie (Crypt:2)
  An elf skeleton (Geh:7)
  A wyvern zombie (D:8)
  A wyvern skeleton (D:13)
  10 earth elementals
  2 small abominations
  2 scorpions
  A troll zombie (Dis:7)
  21 killer bees (Lair:2)
  A snapping turtle simulacrum (Hell)
  An elf simulacrum (Vaults:1)
  A manticore simulacrum (Hell)
  A polar bear skeleton (Crypt:2)
  4 electric eels
  87 wights
  A howler monkey (shapeshifter) (Depths:2)
  A howler monkey (D:4)
  14 crimson imps
  A wolf skeleton (Crypt:3)
  7 hounds
  3 bullfrog zombies
  2 human simulacra
  5 lava snakes (Lair:6)
  29 orc priests
  4 quasits
  Crazy Yiuf (D:5)
  19 iron imps
  5 jellies
  6 bullfrog skeletons
  2 human skeletons
  2 iguanas (D:9)
  30 orc wizards
  6 worker ants
  16 hell rats
  A dwarf zombie (Crypt:1)
  A crocodile zombie (Crypt:2)
  An ogre zombie (Tar:3)
  A demigod zombie (Crypt:1)
  A naga skeleton (Crypt:2)
  An ogre skeleton (Crypt:3)
  2 tengu skeletons
  2 hound skeletons (D:11)
  12 mummies
  14 adders
  15 gnolls
  A scorpion zombie (Crypt:1)
  12 river rats
  A steam dragon zombie (Crypt:3)
  15 shadow imps
  17 white imps
  An ufetubus (Depths:3)
  4 oozes
  5 swamp drake simulacra (Swamp:4)
  An adder zombie (D:9)
  A lava snake skeleton (Crypt:3)
  2 worms
  A ball lightning (Depths:2)
  2 dart slugs
  5 leopard geckos
  144 orcs
  3 giant cockroaches
  35 goblins
  33 hobgoblins
  15 jackals
  8 quokkas
  7 ball pythons
  9 bats
  6 frilled lizards
  28 kobolds
  A kobold skeleton (Crypt:1)
  2 kobold zombies
  A leopard gecko skeleton (Crypt:1)
  An orc skeleton (Tar:5)
  An orc zombie (Tar:4)
  A quokka zombie (D:6)
  41 rats
  A rat skeleton (Crypt:2)
  4 crawling corpses (Elf:3)
  3 fire vortices (Pan)
  A plant (Depths:1)
  4 tentacles (Coc:5)
4080 creatures vanquished.

Vanquished Creatures (collateral kills)
  Mnoleg (Pan)
  A Tzitzimitl (Tar:7)
  A tentacled monstrosity (Pan)
  2 balrugs (Pan)
  A deep elf sorcerer (Elf:3)
  6 cacodemons (Pan)
  A hydra (Lair:1)
  A death scarab (Tomb:1)
  Urug (Lair:2)
  A sun demon (Pan)
  A soul eater (Pan)
  A slime creature (Vaults:2)
  A sixfirhy (Pan)
  An infernal demonspawn (Pan)
  A gelid demonspawn (Pan)
  5 orange demons (Pan)
  2 red devils (Pan)
  6 flying skulls (Geh:7)
  A ynoxinul (Pan)
  An ettin skeleton (Geh:7)
  A neqoxec (Pan)
  3 chaos spawn (Pan)
  An ice beast (D:10)
  An ogre (D:6)
  A gnoll sergeant (D:10)
  A spriggan zombie (Tar:7)
  2 killer bees (Lair:2)
  3 wights (Geh:7)
  A jelly (D:10)
  A mummy (Tomb:1)
  4 gnolls (D:10)
55 creatures vanquished.

Vanquished Creatures (others)
  An ancient lich (Vaults:5)
  Vashnia (Snake:2)
  5 eldritch tentacles
  A vault warden (Vaults:5)
  A deep elf elementalist (Vaults:5)
  4 elemental wellsprings
  A lorocyproca (WizLab)
  A blizzard demon (Depths:2)
  A naga warrior (Snake:4)
  2 ice dragons (Coc:7)
  A centaur warrior (Depths:4)
  A ghost crab (Swamp:4)
  A hell hog (Depths:4)
  3 death scarabs (Tomb:1)
  A titan zombie (Geh:2)
  2 naga sharpshooters
  A skeletal warrior (Coc:5)
  A glowing orange brain (Depths:2)
  A shadow dragon zombie (Tar:4)
  2 deep elf archers (Elf:1)
  3 deep elf magi
  2 salamanders
  A rust devil (Hell)
  An orange demon (Pan)
  A spiny frog (Swamp:4)
  A yaktaur (D:15)
  An efreet (Pan)
  An ice devil (Coc:7)
  A guardian mummy (Tomb:1)
  A hornet (Swamp:4)
  6 slime creatures (Swamp:4)
  A water elemental (Hell)
  A wyvern (Lair:2)
  A spriggan (Swamp:4)
  4 flying skulls
  A shadow (Geh:5)
  2 nagas (Snake:2)
  A hell hound (Dis:7)
  An ogre (Vaults:2)
  A crocodile (Lair:1)
  A wight (Geh:4)
  2 hell rats (Hell)
  2 mummies (Tomb:1)
  A shadow imp (Depths:3)
  A swamp drake simulacrum (Swamp:4)
  9 ball lightnings (Depths:2)
  An orc (Orc:2)
  An orc skeleton (Geh:6)
  12 fungi
  A lurking horror (Abyss:4)
  2 plants
  2 starspawn tentacles (Abyss:5)
  3 tentacles (Coc:5)
102 creatures vanquished.

Grand Total: 4237 creatures vanquished

Notes
Turn   | Place    | Note
-------+----------+-------------------------------------------
     0 | D:1      | inmateoo the Gnoll Transmuter began the quest for the Orb.
     0 | D:1      | Reached XP level 1. HP: 17/17 MP: 6/6
   213 | D:1      | Reached XP level 2. HP: 20/23 MP: 7/7
   497 | D:1      | Reached XP level 3. HP: 9/28 MP: 9/9
   651 | D:1      | Reached skill level 5 in Spellcasting
  1209 | D:2      | Found an opulent altar of Gozag.
  1231 | D:2      | Noticed an ogre
  1239 | D:2      | Found a white marble altar of Elyvilon.
  1274 | D:3      | Reached skill level 1 in Invocations
  1299 | D:3      | Learned a level 2 spell: Sticks to Snakes
  1303 | D:3      | Learned a level 3 spell: Spider Form
  1438 | D:3      | Reached skill level 1 in Short Blades
  1438 | D:3      | Reached skill level 1 in Long Blades
  1438 | D:3      | Reached skill level 1 in Axes
  1438 | D:3      | Reached skill level 1 in Maces & Flails
  1438 | D:3      | Reached skill level 1 in Polearms
  1438 | D:3      | Reached skill level 1 in Staves
  1438 | D:3      | Reached skill level 1 in Slings
  1438 | D:3      | Reached skill level 1 in Bows
  1438 | D:3      | Reached skill level 1 in Crossbows
  1438 | D:3      | Reached skill level 1 in Throwing
  1438 | D:3      | Reached skill level 1 in Armour
  1438 | D:3      | Reached skill level 1 in Stealth
  1438 | D:3      | Reached skill level 1 in Shields
  1438 | D:3      | Reached skill level 1 in Evocations
  1662 | D:3      | Reached XP level 4. HP: 34/34 MP: 11/11
  1896 | D:3      | Reached skill level 1 in Conjurations
  1896 | D:3      | Reached skill level 1 in Hexes
  1896 | D:3      | Reached skill level 1 in Charms
  1896 | D:3      | Reached skill level 1 in Summonings
  1896 | D:3      | Reached skill level 1 in Necromancy
  1896 | D:3      | Reached skill level 1 in Translocations
  1896 | D:3      | Reached skill level 1 in Fire Magic
  1896 | D:3      | Reached skill level 1 in Ice Magic
  1896 | D:3      | Reached skill level 1 in Air Magic
  1896 | D:3      | Reached skill level 1 in Earth Magic
  1896 | D:3      | Reached skill level 1 in Poison Magic
  2310 | D:3      | Reached XP level 5. HP: 32/40 MP: 12/12
  2950 | D:2      | Killed an ogre
  2978 | D:2      | Reached XP level 6. HP: 47/47 MP: 10/13
  3202 | D:2      | Learned a level 4 spell: Ice Form
  3208 | D:2      | Learned a level 5 spell: Blade Hands
  3256 | D:2      | Reached skill level 2 in Invocations
  3294 | D:2      | Found a stormy altar of Qazlal.
  3296 | D:2      | Noticed a water elemental
  3297 | D:2      | Noticed an air elemental
  3297 | D:2      | Noticed a fire elemental
  3479 | D:4      | Reached skill level 5 in Dodging
  3827 | D:4      | Noticed a dagger
  3828 | D:4      | Found a hide-covered altar of Uskayaw.
  3828 | D:4      | Noticed a hand axe
  4112 | D:4      | Reached XP level 7. HP: 33/52 MP: 11/15
  4777 | D:5      | Entered Level 5 of the Dungeon
  4778 | D:5      | Noticed Menkaure
  4792 | D:5      | Killed Menkaure
  5020 | D:5      | Found a burning altar of Makhleb.
  5030 | D:5      | Got a heavily runed leather armour
  5049 | D:5      | Reached skill level 3 in Invocations
  5069 | D:5      | Reached XP level 8. HP: 35/60 MP: 11/16
  5169 | D:5      | Found a runed door.
  5173 | D:5      | Noticed Crazy Yiuf
  5178 | D:5      | Killed Crazy Yiuf
  5346 | D:5      | Identified the cursed +1 leather armour "Kyfuhure" {+Inv} (You found it on level 5 of the Dungeon)
  5358 | D:5      | Found a glowing drain.
  5375 | Sewer    | Entered a sewer
  6222 | D:6      | Found Tanug's Antique Weapon Boutique.
  6545 | D:7      | Found Jingieff's Food Shoppe.
  6572 | D:7      | Reached skill level 4 in Invocations
  6754 | D:8      | Found a bloodstained altar of Trog.
  6801 | D:8      | Found a sacrificial altar of Ru.
  6801 | D:8      | Found a shattered altar of Ashenzari.
  6813 | D:8      | Reached XP level 9. HP: 39/66 MP: 13/18
  7006 | D:8      | Reached skill level 5 in Transmutations
  7185 | D:6      | Found a shadowy altar of Dithmenos.
  7204 | D:6      | Found a radiant altar of Vehumet.
  7336 | D:6      | Found a staircase to the Ecumenical Temple.
  7353 | Temple   | Entered the Ecumenical Temple
  7502 | D:8      | Found a snail-covered altar of Cheibriados.
  7510 | D:8      | Became a worshipper of Cheibriados the Contemplative
  7767 | D:7      | Reached skill level 5 in Fighting
  8324 | D:6      | Reached * piety under Cheibriados
  8689 | D:6      | Reached ** piety under Cheibriados
  9040 | D:6      | Reached *** piety under Cheibriados
  9469 | D:8      | Reached skill level 5 in Invocations
  9780 | D:9      | Reached XP level 10. HP: 74/74 MP: 20/20
 10033 | D:9      | Reached skill level 5 in Short Blades
 10033 | D:9      | Reached skill level 5 in Long Blades
 10033 | D:9      | Reached skill level 5 in Axes
 10033 | D:9      | Reached skill level 5 in Maces & Flails
 10033 | D:9      | Reached skill level 5 in Polearms
 10033 | D:9      | Reached skill level 5 in Staves
 10033 | D:9      | Reached skill level 5 in Slings
 10033 | D:9      | Reached skill level 5 in Bows
 10033 | D:9      | Reached skill level 5 in Crossbows
 10033 | D:9      | Reached skill level 5 in Throwing
 10033 | D:9      | Reached skill level 5 in Armour
 10033 | D:9      | Reached skill level 5 in Stealth
 10033 | D:9      | Reached skill level 5 in Shields
 10033 | D:9      | Reached skill level 5 in Evocations
 10372 | D:9      | Noticed Psyche
 10386 | D:9      | Killed Psyche
 10424 | D:9      | Found an ancient bone altar of Kikubaaqudgha.
 10970 | D:9      | Noticed a two-headed ogre
 10986 | D:9      | Killed a two-headed ogre
 10986 | D:9      | Reached skill level 6 in Invocations
 11404 | D:10     | Entered Level 10 of the Dungeon
 11414 | D:10     | Noticed a two-headed ogre
 11422 | D:10     | Killed a two-headed ogre
 11560 | D:10     | Reached **** piety under Cheibriados
 11560 | D:10     | Reached XP level 11. HP: 51/82 MP: 14/22
 11831 | D:10     | Noticed a three-headed hydra
 11840 | D:10     | Killed a three-headed hydra
 11840 | D:10     | Reached skill level 5 in Conjurations
 11840 | D:10     | Reached skill level 5 in Hexes
 11840 | D:10     | Reached skill level 5 in Charms
 11840 | D:10     | Reached skill level 5 in Summonings
 11840 | D:10     | Reached skill level 5 in Necromancy
 11840 | D:10     | Reached skill level 5 in Translocations
 11840 | D:10     | Reached skill level 5 in Fire Magic
 11840 | D:10     | Reached skill level 5 in Ice Magic
 11840 | D:10     | Reached skill level 5 in Air Magic
 11840 | D:10     | Reached skill level 5 in Earth Magic
 11840 | D:10     | Reached skill level 5 in Poison Magic
 12087 | D:10     | Found a staircase to the Orcish Mines.
 12643 | D:11     | Reached ***** piety under Cheibriados
 12748 | D:11     | Reached skill level 7 in Invocations
 12752 | D:11     | Found a staircase to the Lair.
 12758 | Lair:1   | Entered Level 1 of the Lair of Beasts
 12791 | Lair:1   | Noticed a seven-headed hydra
 12798 | Lair:1   | Killed a seven-headed hydra
 12884 | Lair:1   | Noticed a six-headed hydra
 12887 | Lair:1   | Noticed a four-headed hydra
 12893 | Lair:1   | Killed a four-headed hydra
 12898 | Lair:1   | Killed a six-headed hydra
 12993 | Lair:1   | Reached XP level 12. HP: 66/91 MP: 14/24
 13223 | Lair:1   | Noticed a six-headed hydra
 13233 | Lair:1   | Killed a six-headed hydra
 14398 | Lair:2   | Noticed Urug
 14410 | Lair:2   | Noticed a five-headed hydra
 14420 | Lair:2   | Killed Urug
 14424 | Lair:2   | Killed a six-headed hydra
 14609 | Lair:2   | Reached skill level 8 in Invocations
 14995 | Lair:2   | Noticed Gastronok
 15015 | Lair:2   | Killed Gastronok
 15076 | Lair:2   | Reached skill level 10 in Unarmed Combat
 15872 | Lair:3   | Reached XP level 13. HP: 87/98 MP: 20/26
 16044 | Lair:3   | Reached ****** piety under Cheibriados
 16301 | Lair:3   | Noticed Nergalle
 16311 | Lair:3   | Killed Nergalle
 17479 | Lair:3   | Learned a level 6 spell: Deflect Missiles
 17540 | Lair:4   | Reached skill level 9 in Invocations
 17625 | Lair:5   | Found a labyrinth entrance.
 17812 | Lair:5   | Identified a scroll of acquirement
 18077 | Lair:5   | Found a staircase to the Slime Pits.
 18327 | Lair:6   | Entered Level 6 of the Lair of Beasts
 18897 | Lair:6   | Noticed Kirke
 18909 | Lair:6   | Killed Kirke
 18938 | Lair:6   | Reached skill level 10 in Spellcasting
 19024 | Lair:6   | Reached XP level 14. HP: 108/108 MP: 28/28
 19419 | Lair:6   | Found a large runed door.
 19431 | Lair:6   | Found a large runed door.
 19505 | Lair:6   | Reached skill level 10 in Dodging
 20553 | Lair:4   | Found a staircase to the Swamp.
 20637 | Lair:4   | Found a staircase to the Snake Pit.
 21066 | D:11     | Reached skill level 10 in Invocations
 21084 | D:11     | Found Bouler's Distillery.
 21404 | D:12     | Noticed Azrael
 21426 | D:12     | Killed Azrael
 21552 | D:12     | Noticed Frances
 21804 | D:12     | Killed Frances
 22162 | D:12     | Reached XP level 15. HP: 105/115 MP: 29/29
 22661 | D:12     | Reached skill level 10 in Fighting
 22779 | D:13     | Noticed a tengu reaver
 22788 | D:13     | Noticed a tengu reaver
 22795 | D:13     | Killed a tengu reaver
 22795 | D:13     | Killed a tengu reaver
 23311 | D:14     | Reached skill level 10 in Short Blades
 23311 | D:14     | Reached skill level 10 in Long Blades
 23311 | D:14     | Reached skill level 10 in Axes
 23311 | D:14     | Reached skill level 10 in Maces & Flails
 23311 | D:14     | Reached skill level 10 in Polearms
 23311 | D:14     | Reached skill level 10 in Staves
 23311 | D:14     | Reached skill level 10 in Slings
 23311 | D:14     | Reached skill level 10 in Bows
 23311 | D:14     | Reached skill level 10 in Crossbows
 23311 | D:14     | Reached skill level 10 in Throwing
 23311 | D:14     | Reached skill level 10 in Armour
 23311 | D:14     | Reached skill level 10 in Stealth
 23311 | D:14     | Reached skill level 10 in Shields
 23311 | D:14     | Reached skill level 10 in Evocations
 23657 | D:14     | Found a gate to the Vaults.
 23816 | D:14     | Found a burning altar of Makhleb.
 23893 | D:14     | Reached skill level 11 in Invocations
 24472 | D:13     | Found a roughly hewn altar of Beogh.
 24628 | D:13     | Got a pearl-encrusted leather armour
 24639 | D:13     | Identified the +2 leather armour of Vyud {rPois Slay+2} (You found it on level 13 of the Dungeon)
 24658 | D:13     | Learned a level 7 spell: Dragon Form
 24970 | D:13     | You fall through a shaft for 2 floors!
 24970 | D:15     | Entered Level 15 of the Dungeon
 25098 | D:15     | Found a frozen archway.
 25170 | IceCv    | Entered an ice cave
 25253 | IceCv    | Reached XP level 16. HP: 124/124 MP: 31/31
 25286 | IceCv    | Learned a level 6 spell: Bolt of Fire
 26202 | IceCv    | Identified the Catalogue of the Snowflakes
 26209 | IceCv    | Got a smoking chain mail
 26220 | IceCv    | Identified the cursed +0 chain mail of Idwauzaz {SInv} (You found it in an ice cave)
 26748 | D:15     | Found a staircase to the Depths.
 27198 | Orc:1    | Entered Level 1 of the Orcish Mines
 27198 | Orc:1    | Found a roughly hewn altar of Beogh.
 27751 | Orc:1    | Found Diamm's Gadget Boutique.
 28155 | Orc:2    | Entered Level 2 of the Orcish Mines
 28164 | Orc:2    | Found a roughly hewn altar of Beogh.
 28215 | Orc:2    | Found a roughly hewn altar of Beogh.
 28388 | Orc:2    | Found a roughly hewn altar of Beogh.
 28435 | Orc:2    | Reached skill level 10 in Transmutations
 28437 | Orc:2    | Found a roughly hewn altar of Beogh.
 28568 | Orc:2    | Found Yhuwimp's Jewellery Shop.
 28730 | Orc:2    | Found a staircase to the Elven Halls.
 28739 | Orc:2    | Noticed Saint Roka
 28749 | Orc:2    | Killed Saint Roka
 28970 | Orc:2    | Found a roughly hewn altar of Beogh.
 29115 | Orc:2    | Found a roughly hewn altar of Beogh.
 29135 | Orc:2    | Found Efisogol's General Store.
 29140 | Orc:2    | Bought a potion of agility for 60 gold pieces
 29162 | Orc:2    | Found a roughly hewn altar of Beogh.
 29233 | Orc:2    | Found a roughly hewn altar of Beogh.
 29233 | Orc:2    | Found Navewn's Antique Weapon Shoppe.
 29240 | Orc:2    | Found Luar's Antique Armour Emporium.
 29279 | Orc:2    | Found Wuqycut's Food Boutique.
 29546 | Swamp:1  | Entered Level 1 of the Swamp
 29603 | Swamp:1  | Noticed a thorn hunter
 29607 | Swamp:1  | Killed a thorn hunter
 29607 | Swamp:1  | Reached XP level 17. HP: 131/131 MP: 31/33
 29789 | Swamp:1  | Noticed Aizul
 29799 | Swamp:1  | Killed Aizul
 29799 | Swamp:1  | Reached skill level 12 in Invocations
 30432 | Swamp:2  | Noticed Jorgrun
 30440 | Swamp:2  | Killed Jorgrun
 30489 | Swamp:2  | Noticed Roxanne
 31796 | Swamp:2  | Killed Roxanne
 32046 | Swamp:2  | Learned a level 6 spell: Statue Form
 32693 | Swamp:4  | Entered Level 4 of the Swamp
 33570 | Swamp:4  | Noticed Mara
 33581 | Swamp:4  | Noticed inmateoo's illusion
 33582 | Swamp:4  | Killed Mara
 33974 | Swamp:4  | Got a decaying rune of Zot
 34108 | Snake:1  | Entered Level 1 of the Snake Pit
 34253 | Snake:1  | Reached skill level 10 in Conjurations
 34253 | Snake:1  | Reached skill level 10 in Hexes
 34253 | Snake:1  | Reached skill level 10 in Charms
 34253 | Snake:1  | Reached skill level 10 in Summonings
 34253 | Snake:1  | Reached skill level 10 in Necromancy
 34253 | Snake:1  | Reached skill level 10 in Translocations
 34253 | Snake:1  | Reached skill level 10 in Fire Magic
 34253 | Snake:1  | Reached skill level 10 in Ice Magic
 34253 | Snake:1  | Reached skill level 10 in Air Magic
 34253 | Snake:1  | Reached skill level 10 in Earth Magic
 34253 | Snake:1  | Reached skill level 10 in Poison Magic
 34264 | Snake:1  | Learned a level 1 spell: Apportation
 34309 | Snake:1  | Found Qocrazu's Gadget Shop.
 34310 | Snake:1  | Found Mola's Jewellery Emporium.
 34311 | Snake:1  | Found Bagiwam's Gadget Shop.
 34325 | Snake:1  | Bought a lamp of fire for 760 gold pieces
 34494 | Snake:2  | Noticed Vashnia
 34528 | Snake:2  | Killed Vashnia
 34528 | Snake:2  | Reached XP level 18. HP: 140/140 MP: 30/34
 34655 | Snake:2  | Found Rophupiac's Gadget Boutique.
 34890 | Snake:2  | Noticed Nikola
 34911 | Snake:2  | Killed Nikola
 35906 | Snake:3  | Got an ichor-stained dagger
 35907 | Snake:3  | Identified the cursed +3 dagger of the Trees {drain, rF- rN+ MR+} (You found it on level 3 of the Snake Pit)
 35964 | Snake:2  | Got a pair of encrusted gloves
 35976 | Snake:2  | Identified the +0 pair of gloves of Joukhex {Dex+3 Stlth+} (You took it off Nikola on level 2 of the Snake Pit)
 36044 | Snake:4  | Entered Level 4 of the Snake Pit
 36048 | Snake:4  | Reached skill level 13 in Invocations
 36349 | Snake:4  | Got a serpentine rune of Zot
 36847 | Snake:4  | Reached XP level 19. HP: 147/147 MP: 36/36
 37769 | D:12     | Got a translucent iron amulet
 37770 | D:12     | Identified the Incunabulum of Spatial Weightlessness
 37776 | D:12     | Identified the amulet of Uryr {Inacc +Inv rElec rF+ Str+7} (You found it on level 12 of the Dungeon)
 37859 | Depths:1 | Entered Level 1 of the Depths
 38020 | Depths:1 | Learned a level 4 spell: Summon Lightning Spire
 38150 | Depths:1 | Found a gateway to Hell.
 38782 | Depths:1 | Got a transparent hunting sling
 38783 | Depths:1 | Identified the cursed +3 hunting sling "Bedoses" {venom, Int+6} (You took it off a vampire knight on level 1 of the Depths)
 39399 | Depths:2 | Reached XP level 20. HP: 156/156 MP: 20/37
 39414 | Depths:2 | Reached skill level 14 in Invocations
 39714 | Depths:2 | Noticed Sojobo
 39731 | Depths:2 | Killed Sojobo
 39965 | Depths:2 | Found the +7 great mace "Undeadhunter" {disrupt, rN+}
 40027 | Depths:2 | Identified Jinwaon's Volume of Captivating Weightlessness
 40039 | Depths:2 | Identified the +9 flail "Omilewa" {protect, *Contam Str+4} (You found it on level 2 of the Depths)
 40119 | Depths:2 | Identified Further Progress in Witchcraft
 40352 | Depths:3 | Found a transporter.
 40396 | Depths:3 | Noticed Asterion
 40422 | Depths:3 | Found a transporter.
 40426 | Depths:3 | Found the +7 captain's cutlass {speed, disarm}
 40597 | Depths:3 | Found a one-way gate leading to the halls of Pandemonium.
 40707 | Depths:3 | Cast into level 3 of the Abyss (hell knight)
 40796 | Abyss:4  | Noticed an ancient lich
 40982 | Abyss:4  | Gained mutation: Your magical capacity is low. (-10% MP) [a neqoxec]
 41048 | Depths:3 | Escaped the Abyss
 41234 | Depths:3 | Killed Asterion
 41333 | Depths:3 | Reached XP level 21. HP: 164/164 MP: 32/35
 41353 | Depths:3 | Noticed a golden dragon
 41363 | Depths:3 | Killed a golden dragon
 41581 | Depths:3 | Learned a level 2 spell: Blink
 41586 | Depths:3 | Got a coiled jade ring
 41594 | Depths:3 | Identified the ring of Dobov {Fire -Tele Str+2 Int+7} (You found it on level 3 of the Depths)
 41598 | Depths:3 | Got a warped bronze ring
 41600 | Depths:3 | Identified the ring "Yniew" {rN+ Int+5} (You found it on level 3 of the Depths)
 41749 | Depths:4 | Reached skill level 15 in Unarmed Combat
 41805 | Depths:4 | Reached skill level 15 in Invocations
 42096 | Depths:4 | Found a gateway to a ziggurat.
 42199 | Depths:4 | Found a one-way gate to the infinite horrors of the Abyss.
 42263 | Depths:4 | Identified the Collected Works on Translocation
 42418 | Depths:5 | Entered Level 5 of the Depths
 42507 | Depths:5 | Reached XP level 22. HP: 172/172 MP: 30/36
 42587 | Depths:5 | Paralysed by a great orb of eyes for 7 turns
 42615 | Depths:5 | Learned a level 8 spell: Controlled Blink
 42621 | Depths:5 | Learned a level 5 spell: Summon Forest
 43112 | Depths:5 | Found a gate to the Realm of Zot.
 43524 | Snake:1  | Bought an uncursed ring of protection from magic for 275 gold pieces
 43748 | Elf:1    | Entered Level 1 of the Elven Halls
 43757 | Elf:1    | Reached skill level 15 in Spellcasting
 44238 | Elf:1    | Reached skill level 15 in Dodging
 44255 | Elf:1    | Found Zokkef's General Store.
 44263 | Elf:1    | Bought a ration for 65 gold pieces
 44263 | Elf:1    | Bought a +0 buckler of protection for 149 gold pieces
 44275 | Elf:1    | Found Uxicil's Jewellery Emporium.
 44364 | Elf:1    | Gained mutation: You are weak. (Str -2) [a neqoxec]
 44397 | Elf:1    | Found a sparkling altar of Nemelex Xobeh.
 44822 | Elf:2    | Got a flickering sapphire amulet
 44831 | Elf:2    | Identified the amulet "Beefih" {rC+ Regen+ Int+3} (You took it off a deep elf mage on level 2 of the Elven Halls)
 44837 | Elf:2    | Got a heavily runed glass ring
 44838 | Elf:2    | Identified the ring "Ynunuc" {MP+9 Str+8} (You found it on level 2 of the Elven Halls)
 45086 | Elf:2    | Found Naxt's Gadget Shop.
 45089 | Elf:2    | Bought a box of beasts for 360 gold pieces
 45089 | Elf:2    | Bought a box of beasts for 360 gold pieces
 45174 | Elf:2    | Found a huge runed gate.
 45174 | Elf:2    | Found a huge runed gate.
 45174 | Elf:2    | Found a huge runed gate.
 45174 | Elf:2    | Found a huge runed gate.
 45174 | Elf:2    | Found a huge runed gate.
 45366 | Elf:3    | Entered Level 3 of the Elven Halls
 45561 | Elf:3    | Reached XP level 23. HP: 138/180 MP: 18/38
 45620 | Elf:3    | Identified the +2 leather armour of Conscience {rPois rF- rCorr Str+6} (You took it off a deep elf death mage on level 3 of the Elven Halls)
 45782 | Elf:3    | Learned a level 5 spell: Borgnjor's Vile Clutch
 45809 | Elf:3    | Identified the ring of Salvation {+Blink +Fly rElec rN+ Str-3} (You found it on level 3 of the Elven Halls)
 45839 | Elf:3    | Identified a +1 pair of boots of running (You found it on level 3 of the Elven Halls)
 45890 | Elf:3    | Got a brightly glowing mace
 45891 | Elf:3    | Identified the +10 mace of the Tiger {crush, *Slow rElec Int+3} (You found it on level 3 of the Elven Halls)
 45895 | Elf:3    | Got a smoking trident
 45896 | Elf:3    | Identified the +6 trident of Yghaz {pierce, rPois} (You found it on level 3 of the Elven Halls)
 45899 | Elf:3    | Got a scorched hand crossbow
 45900 | Elf:3    | Identified the cursed +3 hand crossbow "Hydrabane" {penet, rF+ rC+++ rN+ Dex-5} (You found it on level 3 of the Elven Halls)
 45973 | Elf:3    | Noticed Bai Suzhen
 45984 | Elf:3    | Killed Bai Suzhen
 46163 | Elf:3    | Reached skill level 15 in Fighting
 46602 | Vaults:1 | Entered Level 1 of the Vaults
 46723 | Vaults:1 | Reached skill level 16 in Invocations
 47049 | Vaults:1 | Reached skill level 15 in Short Blades
 47049 | Vaults:1 | Reached skill level 15 in Long Blades
 47049 | Vaults:1 | Reached skill level 15 in Axes
 47049 | Vaults:1 | Reached skill level 15 in Maces & Flails
 47049 | Vaults:1 | Reached skill level 15 in Polearms
 47049 | Vaults:1 | Reached skill level 15 in Staves
 47049 | Vaults:1 | Reached skill level 15 in Slings
 47049 | Vaults:1 | Reached skill level 15 in Bows
 47049 | Vaults:1 | Reached skill level 15 in Crossbows
 47049 | Vaults:1 | Reached skill level 15 in Throwing
 47049 | Vaults:1 | Reached skill level 15 in Armour
 47049 | Vaults:1 | Reached skill level 15 in Stealth
 47049 | Vaults:1 | Reached skill level 15 in Shields
 47049 | Vaults:1 | Reached skill level 15 in Evocations
 47230 | Vaults:1 | Found the +7 Singing Sword
 47813 | Vaults:2 | Found Qehosum's Distillery.
 47835 | Vaults:2 | Bought 2 potions of mutation for 208 gold pieces
 47835 | Vaults:2 | Bought a potion of curing for 39 gold pieces
 47835 | Vaults:2 | Bought a potion of heal wounds for 65 gold pieces
 47835 | Vaults:2 | Bought a potion of curing for 39 gold pieces
 47835 | Vaults:2 | Bought 2 potions of heal wounds for 130 gold pieces
 47835 | Vaults:2 | Bought a potion of agility for 52 gold pieces
 47835 | Vaults:2 | Bought a potion of brilliance for 52 gold pieces
 47835 | Vaults:2 | Bought a potion of brilliance for 52 gold pieces
 47843 | Vaults:2 | Lost mutation: You are weak. (Str -2) [potion of mutation]
 47843 | Vaults:2 | Lost mutation: Your magical capacity is low. (-10% MP) [potion of mutation]
 47843 | Vaults:2 | Gained mutation: You have a pair of small antennae on your head. [potion of mutation]
 47843 | Vaults:2 | Gained mutation: Your magical capacity is low. (-10% MP) [potion of mutation]
 47843 | Vaults:2 | Gained mutation: You are resistant to electric shocks. (rElec) [potion of mutation]
 47954 | Vaults:2 | Found a staircase to the Crypt.
 48291 | Vaults:2 | Reached XP level 24. HP: 189/189 MP: 38/38
 50263 | Vaults:4 | Noticed Donald
 50273 | Vaults:4 | Killed Donald
 51212 | Vaults:5 | Entered Level 5 of the Vaults
 51307 | Vaults:4 | Reached skill level 17 in Invocations
 51359 | Vaults:5 | Reached XP level 25. HP: 197/197 MP: 39/39
 51499 | Vaults:5 | Found Plog's Book Shop.
 51542 | Vaults:5 | Bought a book of Battle for 520 gold pieces
 51546 | Vaults:5 | Learned a level 3 spell: Regeneration
 51719 | Vaults:5 | Got a silver rune of Zot
 52074 | Vaults:5 | Noticed an ancient lich
 52080 | Vaults:5 | Killed an ancient lich
 52087 | Vaults:5 | Found Jekybuumn's Magic Scroll Emporium.
 52093 | Vaults:5 | Bought a scroll of teleportation for 51 gold pieces
 52093 | Vaults:5 | Bought a scroll of identify for 34 gold pieces
 52093 | Vaults:5 | Bought a scroll of teleportation for 51 gold pieces
 52093 | Vaults:5 | Bought a scroll of magic mapping for 59 gold pieces
 52093 | Vaults:5 | Bought a scroll of fog for 34 gold pieces
 52097 | Vaults:5 | Found Jatuep's Magic Scroll Boutique.
 52101 | Vaults:5 | Bought a scroll of identify for 40 gold pieces
 52101 | Vaults:5 | Bought a scroll of identify for 40 gold pieces
 52101 | Vaults:5 | Bought a scroll of blinking for 150 gold pieces
 52165 | Vaults:5 | Found Gualemex's Food Boutique.
 52262 | Vaults:5 | Identified the +1 cloak of Broken Taboos {Int+4} (You found it on level 5 of the Vaults)
 52304 | Vaults:5 | Found Bedgh's Jewellery Emporium.
 52328 | Vaults:5 | Noticed an ancient lich
 52336 | Vaults:5 | Killed an ancient lich
 52381 | Vaults:5 | Found Epegu's Gadget Boutique.
 52385 | Vaults:5 | Bought a phantom mirror for 450 gold pieces
 52385 | Vaults:5 | Bought a phantom mirror for 450 gold pieces
 52767 | Crypt:1  | Entered Level 1 of the Crypt
 53040 | Crypt:1  | Found an ancient bone altar of Kikubaaqudgha.
 53769 | Crypt:2  | Reached XP level 26. HP: 206/206 MP: 39/39
 54073 | Crypt:3  | Entered Level 3 of the Crypt
 54203 | Crypt:3  | Found a magical portal.
 54213 | WizLab   | Entered Doroklohe's Tomb
 54309 | WizLab   | Gained mutation: You are frail. (-10% HP) [a neqoxec]
 54311 | WizLab   | Gained mutation: You are very frail. (-20% HP) [a neqoxec]
 54631 | Crypt:3  | Lost mutation: You have a pair of small antennae on your head. [potion of mutation]
 54631 | Crypt:3  | Lost mutation: You are very frail. (-20% HP) [potion of mutation]
 54631 | Crypt:3  | Lost mutation: You are frail. (-10% HP) [potion of mutation]
 54631 | Crypt:3  | Gained mutation: You are dopey. (Int -2) [potion of mutation]
 54631 | Crypt:3  | Gained mutation: You have a pair of small horns on your head. [potion of mutation]
 54631 | Crypt:3  | Gained mutation: You passively map a small area around you. [potion of mutation]
 54662 | Crypt:3  | Found a staircase to the Tomb.
 54771 | Crypt:3  | Found a basalt altar of Yredelemnul.
 54906 | Crypt:3  | Noticed an ancient lich
 54921 | Crypt:3  | Killed an ancient lich
 54957 | Crypt:3  | Reached skill level 18 in Invocations
 55006 | Crypt:3  | Found the +10 morningstar "Eos" {elec, Halo rElec}
 55037 | Crypt:3  | Identified the Catalogue of Dusty Bewitchment
 55041 | Crypt:3  | Got a smoking copper ring
 55042 | Crypt:3  | Identified the ring "Maut" {Int+4 Dex+2} (You found it on level 3 of the Crypt)
 55047 | Crypt:3  | Got a twitching tin ring
 55047 | Crypt:3  | Got a coiled lapis lazuli ring
 55059 | Crypt:3  | Identified the ring "Ikhlipn" {rN+ Int+3} (You found it on level 3 of the Crypt)
 55061 | Crypt:3  | Identified the ring of Intercession {rPois rN+} (You found it on level 3 of the Crypt)
 55065 | Crypt:3  | Got a bound tin ring
 55066 | Crypt:3  | Identified the ring "Iloohu" {rPois rN+} (You found it on level 3 of the Crypt)
 55626 | Tomb:1   | Entered Level 1 of the Tomb of the Ancients
 55739 | Tomb:1   | Paralysed by a sphinx for 7 turns
 56087 | Tomb:1   | Identified the +1 gold dragon scales "Jasiliud" {rPois rF+ rC+ rCorr Str+4 Int+5 Dex-5 Slay-5} (You acquired it on level 1 of the Tomb of the Ancients)
 56189 | Tomb:1   | Noticed a greater mummy
 56191 | Tomb:1   | Noticed a greater mummy
 56193 | Tomb:1   | Reached skill level 15 in Transmutations
 56198 | Tomb:1   | Killed a greater mummy
 56199 | Tomb:1   | Reached XP level 27. HP: 62/214 MP: 10/40
 56200 | Tomb:1   | Killed a greater mummy
 56815 | Hell     | Entered the Vestibule of Hell
 56823 | Hell     | Noticed Geryon
 56838 | Hell     | Killed Geryon
 57199 | Hell     | Found a gateway to the ashen valley of Gehenna.
 57260 | Hell     | Found a gateway to the decaying netherworld of Tartarus.
 57325 | Hell     | Found a gateway to the freezing wastes of Cocytus.
 57484 | Hell     | Found a gateway to the Iron City of Dis.
 57679 | Geh:1    | Entered Level 1 of Gehenna
 57993 | Geh:4    | Reached skill level 15 in Conjurations
 57993 | Geh:4    | Reached skill level 15 in Hexes
 57993 | Geh:4    | Reached skill level 15 in Charms
 57993 | Geh:4    | Reached skill level 15 in Summonings
 57993 | Geh:4    | Reached skill level 15 in Necromancy
 57993 | Geh:4    | Reached skill level 15 in Translocations
 57993 | Geh:4    | Reached skill level 15 in Fire Magic
 57993 | Geh:4    | Reached skill level 15 in Ice Magic
 57993 | Geh:4    | Reached skill level 15 in Air Magic
 57993 | Geh:4    | Reached skill level 15 in Earth Magic
 57993 | Geh:4    | Reached skill level 15 in Poison Magic
 58263 | Geh:6    | Gained mutation: You are occasionally teleported next to monsters. [mutagenic glow]
 58343 | Geh:6    | Lost mutation: You are dopey. (Int -2) [potion of mutation]
 58343 | Geh:6    | Lost mutation: Your magical capacity is low. (-10% MP) [potion of mutation]
 58343 | Geh:6    | Gained mutation: You are dopey. (Int -2) [potion of mutation]
 58343 | Geh:6    | Lost mutation: You are dopey. (Int -2) [potion of mutation]
 58343 | Geh:6    | Gained mutation: You are partially covered in slimy green scales. (AC +2) [potion of mutation]
 58344 | Geh:6    | Lost mutation: You passively map a small area around you. [potion of mutation]
 58344 | Geh:6    | Lost mutation: You are resistant to electric shocks. (rElec) [potion of mutation]
 58344 | Geh:6    | Gained mutation: You have sharp toenails. [potion of mutation]
 58344 | Geh:6    | Gained mutation: Your magical capacity is low. (-10% MP) [potion of mutation]
 58344 | Geh:6    | Gained mutation: You are partially covered in molten scales. (AC +2) [potion of mutation]
 58345 | Geh:6    | Lost mutation: Your magical capacity is low. (-10% MP) [potion of mutation]
 58345 | Geh:6    | Lost mutation: You have a pair of small horns on your head. [potion of mutation]
 58345 | Geh:6    | Gained mutation: Your natural rate of healing is unusually fast. [potion of mutation]
 58345 | Geh:6    | Gained mutation: You are agile. (Dex +2) [potion of mutation]
 58354 | Geh:7    | Entered Level 7 of Gehenna
 58391 | Geh:7    | Reached skill level 19 in Invocations
 58823 | Geh:7    | Identified the cursed +1 leather armour of the Pink Corner {MR+} (You found it on level 7 of Gehenna)
 58836 | Geh:7    | Got a bone fustibalus
 58837 | Geh:7    | Identified the +9 fustibalus of the Tent {velocity, MR+ Int+3} (You found it on level 7 of Gehenna)
 58841 | Geh:7    | Got a bone fustibalus
 58842 | Geh:7    | Identified the +5 fustibalus of the Endless March {venom, rElec rC+} (You found it on level 7 of Gehenna)
 58848 | Geh:7    | Got a twisted short sword
 58849 | Geh:7    | Identified the +5 short sword "Dogileudgh" {freeze, *Slow rElec Dex+2} (You found it on level 7 of Gehenna)
 59051 | Geh:7    | Noticed Asmodeus
 59072 | Geh:7    | Killed Asmodeus
 59121 | Geh:7    | Got an obsidian rune of Zot
 59216 | Geh:7    | Lost mutation: You are partially covered in slimy green scales. (AC +2) [potion of mutation]
 59216 | Geh:7    | Lost mutation: You are occasionally teleported next to monsters. [potion of mutation]
 59216 | Geh:7    | Gained mutation: Scrolls take you a little longer to read. [potion of mutation]
 59216 | Geh:7    | Gained mutation: Your flesh is heat resistant. (rF+) [potion of mutation]
 59312 | Coc:1    | Entered Level 1 of Cocytus
 59841 | Coc:5    | Gained mutation: You are frail. (-10% HP) [mutagenic glow]
 59957 | Coc:6    | Noticed an ancient lich
 59968 | Coc:6    | Killed an ancient lich
 60023 | Coc:7    | Entered Level 7 of Cocytus
 60283 | Coc:7    | Reached skill level 20 in Invocations
 60483 | Coc:7    | Identified the cursed +1 broad axe of Nemelex Xobeh's Regard {drain, Str+4 Dex+3} (You found it on level 7 of Cocytus)
 60601 | Coc:7    | Noticed Antaeus
 60611 | Coc:7    | Killed Antaeus
 60659 | Coc:7    | Got an icy rune of Zot
 60732 | Tar:1    | Entered Level 1 of Tartarus
 61668 | Tar:5    | Noticed an ancient lich
 61679 | Tar:5    | Killed an ancient lich
 61913 | Tar:7    | Entered Level 7 of Tartarus
 62055 | Tar:7    | Noticed the Serpent of Hell
 62068 | Tar:7    | Killed the Serpent of Hell
 62101 | Tar:7    | Learned a level 9 spell: Tornado
 62136 | Tar:7    | Reached skill level 21 in Invocations
 62228 | Tar:7    | Noticed Ereshkigal
 62239 | Tar:7    | Killed Ereshkigal
 62263 | Tar:7    | Got a flickering zirconium amulet
 62266 | Tar:7    | Identified the amulet "Huotae" {Acrobat +Inv Int+3} (You found it on level 7 of Tartarus)
 62361 | Tar:7    | Got a bone rune of Zot
 62479 | Tar:7    | Identified the Almanac of Transmigration
 62618 | Tar:7    | Identified the Guide on Dislocation
 62796 | Dis:1    | Entered Level 1 of the Iron City of Dis
 63552 | Dis:7    | Entered Level 7 of the Iron City of Dis
 63563 | Dis:7    | Learned a level 2 spell: Passwall
 63573 | Dis:7    | Learned a level 9 spell: Shatter
 63652 | Dis:7    | Gained mutation: You are very frail. (-20% HP) [mutagenic glow]
 63683 | Dis:7    | Gained mutation: You are extremely frail. (-30% HP) [mutagenic glow]
 63726 | Dis:7    | Gained mutation: Your body sometimes deteriorates upon taking damage. [mutagenic glow]
 63810 | Dis:7    | Identified Meicsiuwn's Almanac of the Volcanoes
 63867 | Dis:7    | Lost mutation: You are agile. (Dex +2) [potion of mutation]
 63867 | Dis:7    | Lost mutation: Scrolls take you a little longer to read. [potion of mutation]
 63867 | Dis:7    | Lost mutation: You are extremely frail. (-30% HP) [potion of mutation]
 63867 | Dis:7    | Gained mutation: You are partially covered in rugged brown scales. (AC +1, +3% HP) [potion of mutation]
 63867 | Dis:7    | Gained mutation: You are somewhat resistant to further mutation. [potion of mutation]
 64062 | Dis:7    | Identified the ring of Suspected Treachery {MR+ SInv} (You found it on level 7 of the Iron City of Dis)
 64176 | Dis:7    | Noticed Dispater
 64194 | Dis:7    | Killed Dispater
 64194 | Dis:7    | Reached skill level 22 in Invocations
 64210 | Dis:7    | Got an iron rune of Zot
 64363 | Dis:7    | Cast into level 5 of the Abyss (the power of Zot)
 64363 | Abyss:5  | Entered Level 5 of the Abyss
 64435 | Abyss:5  | Got an abyssal rune of Zot
 64602 | Dis:7    | Escaped the Abyss
 64630 | Depths:1 | Lost mutation: Your body sometimes deteriorates upon taking damage. [potion of mutation]
 64630 | Depths:1 | Lost mutation: You are very frail. (-20% HP) [potion of mutation]
 64630 | Depths:1 | Gained mutation: You possess an exceptional clarity of mind. [potion of mutation]
 64661 | Pan      | Entered Pandemonium
 64661 | Pan      | Noticed Bide the pandemonium lord
 64676 | Pan      | Paralysed by a chaos spawn for 5 turns
 64734 | Pan      | Killed Bide the pandemonium lord
 64884 | Pan      | Found a runed door.
 64892 | Pan      | Found a runed door.
 64912 | Pan      | Got a faintly glowing wooden ring
 64913 | Pan      | Identified the ring of Kaishepp {rCorr rF+ rC+ Str-2 Slay+3} (You found it in Pandemonium)
 64918 | Pan      | Noticed Hulaoq the pandemonium lord
 64932 | Pan      | Killed Hulaoq the pandemonium lord
 64938 | Pan      | Found a runed door.
 64943 | Pan      | Found a runed door.
 64953 | Pan      | Identified Piofaush's Tome of Curses and Displacement
 65052 | Pan      | Noticed Dozofev the pandemonium lord
 65065 | Pan      | Killed Dozofev the pandemonium lord
 65357 | Pan      | Identified the Tome of Unstable Snow
 65465 | Pan      | Entered the realm of Mnoleg.
 65490 | Pan      | Noticed Mnoleg
 65504 | Pan      | Killed Mnoleg
 65549 | Pan      | Gained mutation: You can translocate small distances at will. [a cacodemon]
 65603 | Pan      | Got a glowing rune of Zot
 65751 | Pan      | Entered the realm of Cerebov.
 65812 | Pan      | Noticed Cerebov
 65860 | Pan      | Got a glittering lapis lazuli ring
 65861 | Pan      | Identified the ring "Divuror" {rN++ SInv} (You took it off an efreet in Pandemonium)
 65880 | Pan      | Got a slimy marble ring
 65883 | Pan      | Identified the ring "Ocoush" {*Tele rF+++ MP+9 Str+2} (You took it off an efreet in Pandemonium)
 65887 | Pan      | Identified the +7 rapier "Adghidgh" {protect, +Fly rN++ Dex+4 SInv} (You took it off an efreet in Pandemonium)
 65914 | Pan      | Identified the Volume of Protection and Toxins
 65933 | Pan      | Identified the Incunabulum of Curses
 65942 | Pan      | Got a scintillating ivory amulet
 65943 | Pan      | Identified the amulet "Boqipnui" {Regen+ Str+4 Stlth+} (You found it in Pandemonium)
 65946 | Pan      | Identified the +7 falchion of Neciopn {pain, *Slow rElec Dex+6} (You found it in Pandemonium)
 65958 | Pan      | Identified The Catalogue of Greatest Risks and Utility
 65965 | Pan      | Identified the +1 chain mail of Yredelemnul's Favour {rF+ rN++ Int-4 Slay+3 SInv} (You found it in Pandemonium)
 65967 | Pan      | Identified the +2 leather armour of the Worm {rN+} (You found it in Pandemonium)
 65995 | Pan      | Killed Cerebov
 66014 | Pan      | Got a fiery rune of Zot
 66079 | Pan      | Noticed Ythrun Beymm the pandemonium lord
 66095 | Pan      | Killed Ythrun Beymm the pandemonium lord
 66227 | Pan      | Found an exit through the horrors of the Abyss.
 66489 | Pan      | Gained mutation: You are clumsy. (Dex -2) [a cacodemon]
 66497 | Pan      | Noticed Xifoecue the pandemonium lord
 66518 | Pan      | Killed Xifoecue the pandemonium lord
 66623 | Pan      | Entered the realm of Gloorx Vloq.
 66677 | Pan      | Noticed Gloorx Vloq
 66689 | Pan      | Killed Gloorx Vloq
 66755 | Pan      | Got a dark rune of Zot
 66915 | Pan      | Noticed Ignacio
 66935 | Pan      | Killed Ignacio
 66935 | Pan      | Reached skill level 23 in Invocations
 67065 | Pan      | Noticed Guavuih the pandemonium lord
 67106 | Pan      | Killed from afar by a hellion

Vault maps used:
D:1:      dpeg_arrival_morbid_curiosity
D:2:      elyvilon_altar_5, nicolae_qazlal_style_of_elements,
          grunt_gozag_statues, minmay_misc_feat_enclosed, glass_columns_b
D:3:      serial_bayou_pond_c
D:4:      dancing_weapons_uskayaw, first_ration
D:5:      old_standard_altar, portal_sewer_entry_d, grunt_ministairs_10,
          uniq_menkaure, uniq_crazy_yiuf_cottage
D:6:      minmay_goblin_kobold_castle, vehumet_statue, kennysheep_mini,
          minmay_temple_entry_enclosed_plants, serial_shops, shop,
          hangedman_decor_diamond_cutter
D:7:      serial_shops, kennysheep_little_box
D:8:      nicolae_overflow_hidden_temple, old_standard_altar,
          gammafunk_temple_overflow_wave
D:9:      lemuel_round_altar, uniq_psyche
D:10:     orc_0_dummy, hangedman_abyss_or_decor_stagger, hangedman_ranch,
          minmay_misc_feat_nine_boxes
D:11:     lair_entry_dummy, serial_shops, nicolae_shop_crystal
D:12:     ice2_lemuel, uniq_azrael, uniq_frances
D:13:     special_room, minmay_diamond_spiral
D:14:     erik_vaults_1, roderic_roman_lattice, basic_altar
D:15:     hangedman_depths_entry_try_elsewhere_first, minmay_misc_feat_five,
          portal_ice_cave_demonic_guard
Temple:   compressed_dpeg_circular_temple
Lair:2:   special_room, cheibrodos_lair_caveside_slide, uniq_urug,
          uniq_gastronok
Lair:3:   lemuel_ratsnest, grunt_megastairs_1, serial_bayou_shore_b,
          minmay_lair_oklob_chamber, uniq_nergalle
Lair:4:   swamp_mist_pool
Lair:5:   nicolae_slime_entry_slimehenge, lab_entry_generic,
          infiniplex_staircase_pool_2
Lair:6:   cheibrodos_lair_end_hotspot, minivault_26, uniq_kirke
Swamp:1:  serial_swamp_ruin, evilmike_swamp_ruin_house_3,
          evilmike_swamp_ruin_house_4, hangedman_swamp_ruin_wall, uniq_aizul
Swamp:2:  evilmike_swamp_ruin_house_2, uniq_jorgrun, uniq_roxanne
Swamp:3:  nicolae_swamp_dense_foliage, infiniplex_staircase_pool
Swamp:4:  swamp_icy, uniq_mara
Snake:1:  minmay_shop_grove
Snake:2:  serial_shops, nicolae_shop_stone, uniq_vashnia, uniq_nikola
Snake:3:  st_stairs_9, serial_bayou_pond_e
Snake:4:  snake_pit, serial_bayou_shore_b
Orc:1:    basic_altar, serial_shops, nicolae_shop_waterfront,
          minmay_orc_barracks
Orc:2:    grunt_orc_community_town_hall, grunt_orc_community_big_house_2,
          grunt_orc_community_big_house_1, grunt_orc_community_house_2,
          grunt_orc_community_house_3, grunt_orc_community_house_1,
          grunt_orc_community_house_2, grunt_orc_community_house_1,
          serial_shops, shop
Elf:1:    eino_elf_arrival_customs, kennysheep_underground_church,
          basic_loot_grate_trap, nemelex_altar_shiori, minmay_shop_star
Elf:2:    serial_shops, shop, serial_sigils_hangedman_shear
Elf:3:    minmay_elf_hall_x, uniq_bai_suzhen
Vaults:1: v_misc_31, grunt_vaults_funnel, vaults_room_grunt_arrival_ludios,
          vaults_room_pools, hangedman_vaults_snaps,
          ontoclasm_vaults_decontamination, nicolae_vaults_gold_heap,
          vaults_room_octagon, nicolae_vaults_twisting_passages, v_misc_23,
          nicolae_vaults_minivaults, grunt_vaults_diagonal, v_misc_28,
          uniq_saint_roka
Vaults:2: v_misc_9, minmay_crypt_entry_vampire_xt, v_rooms_4, v_pattern_3,
          vaults_room_fours, nicolae_vaults_c_with_doors, v_alt_pattern_4,
          v_misc_1, v_misc_11, vaults_room_semicircle, ontoclasm_vaults_twist,
          serial_shops, shop
Vaults:3: ontoclasm_vaults_hangar, hangedman_vaults_impose,
          vaults_standard_mumra_enter_the_diamond, v_rooms_3,
          nicolae_vaults_shelves_hall, nicolae_vaults_hallways_thing,
          st_more_cells, vaults_room_corners
Vaults:4: v_misc_33, v_rooms_1, vaults_room_grunt_arrival_checkpoint,
          nicolae_vaults_ninety_degrees, uniq_donald
Crypt:1:  basic_altar, minmay_misc_feat_cross
Crypt:3:  church_of_pain_bobbens, nicolae_tomb_entry_rubble_hallway,
          infiniplex_enter_wizlab_water, fountainhead
Depths:1: hell_entry, minmay_door_square, horrible_house_mu
Depths:2: radiant_caverns_a_rkd, hell_entry, uniq_sojobo
Depths:3: gammafunk_dig_for_victory, kennysheep_another_room,
          grunt_pan_entry_spiral, hell_entry, uniq_asterion
Depths:4: cheibrodos_lost_city_excavation, enter_ziggurat_e,
          infiniplex_staircase_hallway_doors, abyss_entry_crystal,
          grunt_hell_horde
Depths:5: grunt_zot_entry_hairpin, pf_hell_entry_great_geh, grunt_decor_fettered
Dis:1:    hangedman_dis_monolith
Dis:2:    hangedman_dis_chains, hangedman_mysterious_dungeon_monster_house
Dis:7:    iron_city_of_dis
Geh:1:    gehenna_fire_generator
Geh:2:    nicolae_geh_single_fiery_grave
Geh:7:    evilmike_geh
Coc:1:    serial_ice, serial_ice_o, serial_ice_a
Coc:4:    serial_ice
Coc:7:    coc_dpeg
Tar:2:    grunt_megastairs_2
Tar:4:    grunt_megastairs_3
Tar:7:    tar_grunt_cathedral
Abyss:4:  nicolae_abyss_rune_left_handed
Abyss:5:  hangedman_abyss_lost_library, evilmike_abyss_rune_ettins,
          evilmike_abyss_exit_plants
Pan:      evilmike_mini_pan_diamond, rand_demon_7, pan_blood_fountain,
          pan_blood_fountain_small, grunt_pan_zigzag,
          evilmike_mini_pan_other_thingy, pan_blood_fountain_small,
          mnoleg_grunt, reaverb_pan_figure_eight, cerebov, rand_demon_6,
          nicolae_pan_giant_door, regret_index_pan_draining_boxed,
          reaverb_pan_chaos_star, nicolae_pan_mnolegish_4,
          evilmike_mini_pan_other_thingy, gloorx_vloq_st, lemuel_hellion_island,
          uniq_ignacio
Sewer:    sewer_minmay_treatment
IceCv:    ice_cave_caverns_01
WizLab:   wizlab_doroklohe

Skill      XL: |  1  2  3  4  5  6  7  8  9 10 11 12 13 14 15 16 17 18 19 20 21 22 23 24 25 26 27 |
---------------+----------------------------------------------------------------------------------+-----
Spellcasting   | 5 6 7 8 9 10 11 12 13 14 15 16 17 21 | 21.8
Invocations    | 1 2 3 4 5 6 7 8 9 10 11 12 13 14 15 16 17 18 23 | 23.0
Short Blades   | 1 2 3 4 5 6 7 8 9 10 11 12 13 14 15 16 21 | 21.5
Long Blades    | 1 2 3 4 5 6 7 8 9 10 11 12 13 14 15 16 21 | 21.5
Axes           | 1 2 3 4 5 6 7 8 9 10 11 12 13 14 15 16 21 | 21.5
Maces & Flails | 1 2 3 4 5 6 7 8 9 10 11 12 13 14 15 16 21 | 21.5
Polearms       | 1 2 3 4 5 6 7 8 9 10 11 12 13 14 15 16 21 | 21.5
Staves         | 1 2 3 4 5 6 7 8 9 10 11 12 13 14 15 16 21 | 21.5
Slings         | 1 2 3 4 5 6 7 8 9 10 11 12 13 14 15 16 21 | 21.5
Bows           | 1 2 3 4 5 6 7 8 9 10 11 12 13 14 15 16 21 | 21.5
Crossbows      | 1 2 3 4 5 6 7 8 9 10 11 12 13 14 15 16 21 | 21.5
Throwing       | 1 2 3 4 5 6 7 8 9 10 11 12 13 14 15 16 21 | 21.5
Armour         | 1 2 3 4 5 6 7 8 9 10 11 12 13 14 15 16 21 | 21.5
Stealth        | 1 2 3 4 5 6 7 8 9 10 11 12 13 14 15 16 21 | 21.5
Shields        | 1 2 3 4 5 6 7 8 9 10 11 12 13 14 15 16 21 | 21.5
Evocations     | 1 2 3 4 5 6 7 8 9 10 11 12 13 14 15 16 21 | 21.5
Conjurations   | 1 2 3 4 5 6 7 8 9 10 11 12 13 14 18 | 18.6
Hexes          | 1 2 3 4 5 6 7 8 9 10 11 12 13 14 18 | 18.6
Charms         | 1 2 3 4 5 6 7 8 9 10 11 12 13 14 18 | 18.6
Summonings     | 1 2 3 4 5 6 7 8 9 10 11 12 13 14 18 | 18.6
Necromancy     | 1 2 3 4 5 6 7 8 9 10 11 12 13 14 18 | 18.6
Translocations | 1 2 3 4 5 6 7 8 9 10 11 12 13 14 18 | 18.6
Fire Magic     | 1 2 3 4 5 6 7 8 9 10 11 12 13 14 18 | 18.6
Ice Magic      | 1 2 3 4 5 6 7 8 9 10 11 12 13 14 18 | 18.6
Air Magic      | 1 2 3 4 5 6 7 8 9 10 11 12 13 14 18 | 18.6
Earth Magic    | 1 2 3 4 5 6 7 8 9 10 11 12 13 14 18 | 18.6
Poison Magic   | 1 2 3 4 5 6 7 8 9 10 11 12 13 14 18 | 18.6
Fighting       | 3 4 5 6 7 8 9 10 11 12 13 14 15 16 17 21 | 21.6
Transmutations | 4 5 6 7 8 9 10 11 12 13 14 15 18 | 18.9
Dodging        | 5 6 7 8 9 10 11 12 13 14 15 16 17 21 | 21.8
Unarmed Combat | 7 8 9 10 11 12 13 14 15 16 17 22 | 22.1

Action                   |  1- 3 |  4- 6 |  7- 9 | 10-12 | 13-15 | 16-18 | 19-21 | 22-24 | 25-27 || total
-------------------------+-------+-------+-------+-------+-------+-------+-------+-------+-------++-------
Melee: Mace              |   135 |   105 |   247 |    46 |       |       |       |       |       ||   533
       Bite              |    12 |    10 |    32 |    65 |   158 |   191 |   200 |   282 |   904 ||  1854
       Unarmed           |       |    58 |   351 |   262 |   544 |  1107 |  1030 |  1416 |  4278 ||  9046
       Punch             |       |     2 |       |     2 |    44 |    41 |       |       |       ||    89
       Whip              |       |       |       |    92 |   322 |    27 |       |       |       ||   441
       Tailslap          |       |       |       |       |     4 |    47 |       |       |       ||    51
       Headbutt          |       |       |       |       |       |       |       |       |   284 ||   284
       Kick              |       |       |       |       |       |       |       |       |  1484 ||  1484
       Staff             |       |       |       |       |       |       |       |       |    76 ||    76
Throw: Throwing net      |       |       |       |       |       |     1 |       |       |       ||     1
 Cast: Spider Form       |       |     9 |    30 |     9 |       |       |       |       |       ||    48
       Sticks to Snakes  |       |     2 |     3 |     9 |       |       |       |       |     2 ||    16
       Ice Form          |       |       |     3 |     7 |     2 |     1 |       |       |       ||    13
       Blade Hands       |       |       |       |     9 |    64 |    10 |       |       |       ||    83
       Dragon Form       |       |       |       |       |     1 |    17 |       |       |       ||    18
       Deflect Missiles  |       |       |       |       |     1 |     5 |     6 |     3 |     8 ||    23
       Statue Form       |       |       |       |       |       |    49 |    71 |    62 |   226 ||   408
       Apportation       |       |       |       |       |       |     2 |     1 |       |     6 ||     9
       Bolt of Fire      |       |       |       |       |       |       |     6 |     2 |    26 ||    34
       Summon Lightning  |       |       |       |       |       |       |       |     2 |     1 ||     3
       Borgnjor's Vile C |       |       |       |       |       |       |       |     1 |   175 ||   176
       Regeneration      |       |       |       |       |       |       |       |       |   123 ||   123
       Summon Forest     |       |       |       |       |       |       |       |       |     4 ||     4
       Passwall          |       |       |       |       |       |       |       |       |    11 ||    11
       Controlled Blink  |       |       |       |       |       |       |       |       |     4 ||     4
       Shatter           |       |       |       |       |       |       |       |       |     4 ||     4
       Tornado           |       |       |       |       |       |       |       |       |     2 ||     2
Invok: Slouch            |       |       |       |     3 |     9 |    11 |     9 |     6 |    19 ||    57
       Temporal Distorti |       |       |       |       |       |     3 |     2 |       |     5 ||    10
 Abil: End Transformatio |       |     2 |     1 |     2 |     4 |     1 |     3 |     1 |     3 ||    17
       Breathe Fire      |       |       |       |       |       |     2 |       |       |       ||     2
       Stop Flying       |       |       |       |       |       |     1 |     1 |       |       ||     2
       Evoke Flight      |       |       |       |       |       |       |     2 |       |       ||     2
Evoke: Wand              |       |       |     6 |    19 |    18 |     6 |    16 |     3 |    11 ||    79
       Lamp of fire      |       |       |       |       |       |       |     5 |     3 |     3 ||    11
       Box of beasts     |       |       |       |       |       |       |     1 |       |       ||     1
       Lightning rod     |       |       |       |       |       |       |       |     3 |       ||     3
       Phantom mirror    |       |       |       |       |       |       |       |     1 |     4 ||     5
       Sack of spiders   |       |       |       |       |       |       |       |       |    17 ||    17
       Horn of Geryon    |       |       |       |       |       |       |       |       |     9 ||     9
       Crystal ball of e |       |       |       |       |       |       |       |       |     9 ||     9
       Sceptre of Asmode |       |       |       |       |       |       |       |       |     3 ||     3
  Use: Scroll            |       |       |    22 |     7 |    15 |    17 |     9 |    11 |    44 ||   125
       Potion            |       |       |       |       |     3 |     3 |     3 |     1 |    20 ||    30
 Stab: Sleeping          |    11 |     5 |    23 |    10 |    14 |    20 |     4 |    35 |    37 ||   159
       Distracted        |     1 |       |     1 |     1 |     8 |     1 |     4 |     2 |    26 ||    44
       Confused          |       |       |       |       |       |     1 |       |       |     1 ||     2
  Eat: Chunk             |     2 |     9 |    15 |     8 |    13 |    12 |       |       |       ||    59
       Ration            |       |       |     1 |     1 |     3 |     6 |     7 |     6 |    22 ||    46
Armor: Robe              |    57 |    27 |    12 |       |       |       |       |       |       ||    96
       Skin              |       |     1 |    14 |    17 |     7 |   298 |   362 |   371 |  1404 ||  2474
       Leather armour    |       |       |    84 |    60 |    90 |    35 |       |       |       ||   269
       Troll leather arm |       |       |       |       |    12 |     8 |    18 |    19 |    34 ||    91
Dodge: Dodged            |   124 |   141 |   578 |   425 |   767 |  1420 |  1507 |  1505 |  6231 || 12698
       Deflected         |       |       |       |       |       |    47 |    82 |    45 |   122 ||   296
Block: Buckler           |       |     7 |    64 |    88 |   179 |   810 |  1032 |   295 |       ||  2475
       Other             |       |       |       |       |    43 |    27 |       |       |       ||    70
       Reflection        |       |       |       |       |     3 |    77 |    63 |    21 |       ||   164
       Shield            |       |       |       |       |       |       |       |  1137 |  6469 ||  7606

Table legend:
 A = Spawn XP
 B = Non-spawn XP
 C = Spawn XP percentage of total XP
 D = Spawn monster count
 E = Non-spawn monster count
 F = Spawn count percentage of total count
 G = Total turns spent on level
                    A         B        C        D         E        F      G
               +---------+---------+-------+---------+---------+-------+---------
         Total |   38656 | 2718279 |   1.4 |      52 |    4090 |   1.3 | 67106
               +---------+---------+-------+---------+---------+-------+---------
           D:1 |       0 |      54 |   0.0 |       0 |      32 |   0.0 |  1191
           D:2 |       0 |     148 |   0.0 |       0 |      16 |   0.0 |   561
           D:3 |       0 |     144 |   0.0 |       0 |      32 |   0.0 |  1678
           D:4 |       0 |     414 |   0.0 |       0 |      15 |   0.0 |  1347
           D:5 |       0 |     738 |   0.0 |       0 |      20 |   0.0 |   673
           D:6 |       0 |     992 |   0.0 |       0 |      78 |   0.0 |  1572
           D:7 |       0 |    1024 |   0.0 |       0 |      23 |   0.0 |  1166
           D:8 |       0 |     578 |   0.0 |       0 |      15 |   0.0 |   726
           D:9 |       0 |    3898 |   0.0 |       0 |      26 |   0.0 |  1769
          D:10 |       0 |    5923 |   0.0 |       0 |      35 |   0.0 |  1243
          D:11 |       0 |    2059 |   0.0 |       0 |      18 |   0.0 |   790
          D:12 |       0 |   18314 |   0.0 |       0 |      71 |   0.0 |  1413
          D:13 |       0 |   17327 |   0.0 |       0 |      60 |   0.0 |  1084
          D:14 |       0 |   13321 |   0.0 |       0 |      40 |   0.0 |  1479
          D:15 |       0 |   20323 |   0.0 |       0 |      45 |   0.0 |  1034
        Lair:1 |       0 |    6063 |   0.0 |       0 |      21 |   0.0 |  1409
        Lair:2 |       0 |   10870 |   0.0 |       0 |      58 |   0.0 |  1928
        Lair:3 |       0 |   10430 |   0.0 |       0 |      68 |   0.0 |  1788
        Lair:4 |       0 |    5741 |   0.0 |       0 |      12 |   0.0 |   687
        Lair:5 |       0 |    2042 |   0.0 |       0 |      14 |   0.0 |   735
        Lair:6 |       0 |   21353 |   0.0 |       0 |      60 |   0.0 |  2046
       Swamp:1 |       0 |    9871 |   0.0 |       0 |      22 |   0.0 |   883
       Swamp:2 |       0 |   15052 |   0.0 |       0 |      27 |   0.0 |  1678
       Swamp:3 |       0 |    2863 |   0.0 |       0 |       8 |   0.0 |   643
       Swamp:4 |       0 |   28724 |   0.0 |       0 |      64 |   0.0 |  1342
       Snake:1 |       0 |    9258 |   0.0 |       0 |      19 |   0.0 |   511
       Snake:2 |       0 |   20602 |   0.0 |       0 |      24 |   0.0 |   981
       Snake:3 |       0 |   13967 |   0.0 |       0 |      26 |   0.0 |   573
       Snake:4 |       0 |   64265 |   0.0 |       0 |     105 |   0.0 |  1480
         Orc:1 |       0 |    6841 |   0.0 |       0 |      67 |   0.0 |   996
         Orc:2 |       0 |   14091 |   0.0 |       0 |      92 |   0.0 |  1298
         Elf:1 |       0 |   26026 |   0.0 |       0 |      45 |   0.0 |   969
         Elf:2 |       0 |   20512 |   0.0 |       0 |      34 |   0.0 |   700
         Elf:3 |       0 |   55608 |   0.0 |       0 |      49 |   0.0 |  1065
      Vaults:1 |       0 |   71858 |   0.0 |       0 |     109 |   0.0 |  1232
      Vaults:2 |       0 |   61733 |   0.0 |       0 |     101 |   0.0 |  1392
      Vaults:3 |       0 |   37020 |   0.0 |       0 |      47 |   0.0 |  1045
      Vaults:4 |       0 |   55573 |   0.0 |       0 |      75 |   0.0 |  1225
      Vaults:5 |       0 |  107884 |   0.0 |       0 |      85 |   0.0 |  1326
       Crypt:1 |       0 |   27666 |   0.0 |       0 |      43 |   0.0 |   670
       Crypt:2 |       0 |   13473 |   0.0 |       0 |      24 |   0.0 |   695
       Crypt:3 |       0 |   87146 |   0.0 |       0 |     104 |   0.0 |  1356
        Tomb:1 |       0 |   67458 |   0.0 |       0 |      73 |   0.0 |   924
      Depths:1 |       0 |   33058 |   0.0 |       0 |      38 |   0.0 |  1422
      Depths:2 |       0 |   70853 |   0.0 |       0 |     102 |   0.0 |  1302
      Depths:3 |       0 |   72634 |   0.0 |       0 |      70 |   0.0 |  1054
      Depths:4 |       0 |   52521 |   0.0 |       0 |      66 |   0.0 |   759
      Depths:5 |       0 |   50737 |   0.0 |       0 |      41 |   0.0 |   814
          Hell |       0 |   46595 |   0.0 |       0 |      97 |   0.0 |   869
         Dis:3 |       0 |   27159 |   0.0 |       0 |      50 |   0.0 |   344
         Dis:4 |       0 |      12 |   0.0 |       0 |       1 |   0.0 |    20
         Dis:5 |       0 |   11614 |   0.0 |       0 |      27 |   0.0 |   147
         Dis:6 |       0 |   44029 |   0.0 |       0 |      48 |   0.0 |   232
         Dis:7 |       0 |  158303 |   0.0 |       0 |     142 |   0.0 |   816
         Geh:1 |       0 |    9263 |   0.0 |       0 |      28 |   0.0 |   148
         Geh:2 |       0 |   15544 |   0.0 |       0 |      43 |   0.0 |   101
         Geh:3 |       0 |    8081 |   0.0 |       0 |      17 |   0.0 |    55
         Geh:4 |       0 |   27635 |   0.0 |       0 |      60 |   0.0 |   134
         Geh:5 |       0 |   23392 |   0.0 |       0 |      49 |   0.0 |   126
         Geh:6 |       0 |   15329 |   0.0 |       0 |      31 |   0.0 |   111
         Geh:7 |       0 |  122990 |   0.0 |       0 |     129 |   0.0 |   879
         Coc:1 |       0 |    3039 |   0.0 |       0 |      11 |   0.0 |    30
         Coc:2 |       0 |   12449 |   0.0 |       0 |      29 |   0.0 |    83
         Coc:3 |       0 |   11744 |   0.0 |       0 |      25 |   0.0 |   104
         Coc:4 |       0 |    5459 |   0.0 |       0 |       8 |   0.0 |    43
         Coc:5 |       0 |   37894 |   0.0 |       0 |      51 |   0.0 |   278
         Coc:6 |       0 |   51975 |   0.0 |       0 |      44 |   0.0 |   173
         Coc:7 |       0 |  110702 |   0.0 |       0 |     107 |   0.0 |   668
         Tar:1 |       0 |     209 |   0.0 |       0 |       1 |   0.0 |     7
         Tar:2 |       0 |   59798 |   0.0 |       0 |      58 |   0.0 |   254
         Tar:3 |       0 |   36291 |   0.0 |       0 |      52 |   0.0 |   309
         Tar:4 |       0 |   36374 |   0.0 |       0 |      61 |   0.0 |   240
         Tar:5 |       0 |   36692 |   0.0 |       0 |      41 |   0.0 |   229
         Tar:6 |       0 |   24565 |   0.0 |       0 |      24 |   0.0 |   142
         Tar:7 |       0 |  190214 |   0.0 |       0 |     141 |   0.0 |   832
       Abyss:3 |    9192 |     606 |  93.8 |       8 |       6 |  57.1 |    85
       Abyss:4 |    2044 |    4944 |  29.3 |       6 |       8 |  42.9 |   256
       Abyss:5 |    4435 |   10499 |  29.7 |       6 |      14 |  30.0 |   239
           Pan |   22985 |  306153 |   7.0 |      32 |     247 |  11.5 |  2445
         Sewer |       0 |     135 |   0.0 |       0 |      48 |   0.0 |   659
         IceCv |       0 |   14926 |   0.0 |       0 |      55 |   0.0 |  1069
        WizLab |       0 |   14615 |   0.0 |       0 |      18 |   0.0 |   250
               +---------+---------+-------+---------+---------+-------+---------
